AoeStats
← Level LPJ

Arena

510669047Analyzed
3v3 RM · 13h ago on Oct 2, 2026· 51m 13s· 6 players
Game mode
Random Map
Map size
Normal (6 player)
Population
200
Speed
Normal
Resources
Standard
Victory
Conquest
Starting age
Dark Age
Ending age
Imperial Age
RankedLock teamsTeams togetherTeam positionsShared explorationLock speedFull tech treeHidden civsTurbo modeCheats
Victory
Defeat
🇺🇸 Portuguese · United States
747
+18
🇲🇽 Persians · Mexico
735
+18
🇲🇽 Khmer · Mexico
691
+20
🇺🇸 Persians · United States
824
-20
🇬🇧 Vikings · United Kingdom
819
-20
🇨🇳 Lithuanians · China
723
-16
slipoker
0:28 Loom
12:37 Feudal Age
14:00 Horse Collar
14:12 Double-Bit Axe
17:49 Castle Age
17:49 Fletching
17:46 Town Watch
19:49 Treadmill Crane
20:18 Murder Holes
21:32 Bodkin Arrow
30:22 Imperial Age
29:49 Wheelbarrow
29:42 Gold Mining
35:16 Chemistry
34:54 Stone Mining
39:01 Bombard Tower
38:47 Siege Engineers
39:17 Bow Saw
40:24 Hand Cart
40:16 Bracer
41:58 Stone Shaft Mining
41:27 Town Patrol
41:51 Ballistics
41:42 Masonry
42:34 Arquebus
44:52 Guilds
45:13 Coinage
44:51 Circumnavigation
44:23 Sappers
45:13 Conscription
50:27 Spies/Treason
AL1EJANNDRO
10:23 Feudal Age
13:39 Double-Bit Axe
20:32 Loom
24:32 Castle Age
28:57 Elite Skirmisher
28:57 Crossbowman
32:50 Stone Mining
32:51 Gold Mining
32:57 Town Watch
33:48 Wheelbarrow
37:05 Imperial Age
40:32 Town Patrol
40:49 Hand Cart
46:36 Bow Saw
46:13 Horse Collar
Level LPJ
10:15 Feudal Age
9:14 Loom
14:56 Castle Age
13:20 Double-Bit Axe
14:36 Horse Collar
21:37 Town Watch
21:58 Padded Archer Armor
21:49 Fletching
22:27 Stone Mining
26:06 Bodkin Arrow
26:12 Padded Archer Armor
28:50 Scale Barding Armor
29:42 Forging
32:23 Kamandaran
33:10 Bloodlines
33:01 Husbandry
34:23 Crossbowman
35:09 Thumb Ring
37:36 Chain Barding Armor
37:52 Iron Casting
40:39 Imperial Age
38:49 Wheelbarrow
39:20 Town Patrol
39:41 Hand Cart
40:13 Ballistics
39:49 Murder Holes
40:05 Masonry
40:09 Gold Mining
40:55 Stone Shaft Mining
41:28 Leather Archer Armor
42:14 Blast Furnace
41:49 Plate Barding Armor
41:30 Heavy Plow
41:46 Bow Saw
44:19 Hoardings
44:10 Elite War Elephant
46:42 Chemistry
46:13 Architecture
45:34 Guard Tower
46:01 Cavalier
46:03 Light Cavalry
47:28 Savar
47:31 Hussar
50:33 Citadels
ColeEcoBOOM
11:27 Loom
13:12 Feudal Age
14:27 Horse Collar
15:35 Double-Bit Axe
17:23 Wheelbarrow
16:33 Town Watch
16:52 Stone Mining
17:09 Gold Mining
26:29 Castle Age
Greenland Viking
8:22 Loom
10:51 Feudal Age
16:42 Castle Age
14:54 Man-at-Arms
20:52 Arson
21:25 Fletching
21:00 Long Swordsman
23:42 Scale Mail Armor
23:54 Forging
29:06 Bodkin Arrow
34:01 Imperial Age
36:18 Double-Bit Axe
39:05 Chain Mail Armor
39:26 Iron Casting
38:32 Two-Handed Swordsman
43:21 Plate Mail Armor
45:14 Ballistics
45:58 Chemistry
zhaozhao
Connection lost

Rejoining the realm…

Still unreachable

The connection could not be restored.

Session expired

The server has moved on; the page needs a fresh start.